 Dungeon Crawl Stone Soup version 0.31-a0-986-g5e6e4ef867 (webtiles) character file.

Game seed: 3252691551652478372

22 timneilson the Ruffian (level 2, 0/18 HPs)
             Began as an Octopode Shapeshifter on Nov 16, 2023.
             Slain by Natasha (6 damage)
             ... on level 2 of the Dungeon.
             The game lasted 00:00:50 (834 turns).

timneilson the Ruffian (Octopode Shapeshifter)       Turns: 834, Time: 00:00:51

Health: 0/18       AC:  1    Str: 13    XL:     2   Next: 91%
Magic:  2/2        EV: 13    Int: 12    God:
Gold:   69         SH:  0    Dex: 11    Spells: 1/1 levels left

rFire   + .          .
                       - Unarmed
rCold   . . .        (no shield)
rNeg    . . .        (helmet currently unavailable)
rPois   .            (no amulet)
rElec   .            e - ring of protection from fire
rCorr   .            (no ring)
SInv    .            (no ring)
Will    .....        (no ring)
Stlth   ++           (no ring)
HPRegen 0.23/turn    (no ring)
MPRegen 0.08/turn    (no ring)
                     (no ring)

%: no passive effects
@: beast-form
A: beast (slay +1), almost no armour, amphibious, 8 rings, camouflage 1,
gelatinous body 1, (nimble swimmer 1), tentacles
a: Begin Untransformation


You were on level 2 of the Dungeon.
You were a hulking beast.
You visited 1 branch of the dungeon, and saw 2 of its levels.

You collected 69 gold pieces.

Inventory:

Jewellery
 e - a ring of protection from fire (left tentacle)
 f - a ring of protection from cold
 h - a +4 ring of protection
Talismans
 b - a beast talisman
 c - a flux talisman
Potions
 a - a potion of lignification
 d - 2 potions of heal wounds {unknown}
 g - a potion of ambrosia {unknown}


   Skills:
 * Level 1.5 Fighting
 * Level 2.2 Dodging
 + Level 1.1 Stealth
 * Level 3.2 Unarmed Combat
 * Level 3.1 Shapeshifting


You had one spell level left.
You didn't know any spells.
Your spell library contained the following spells:

 Spells                   Type           Power      Damage    Failure   Level
 Gell's Gravitas          Tloc           0%         N/A       69%         3
 Teleport Other           Tloc           0%         N/A       69%         3
 Dispersal                Tloc           0%         N/A       100%        6


Dungeon Overview and Level Annotations

Branches:
Dungeon (2/15)

Altars:

Annotations:
D:2 Natasha


Innate Abilities, Weirdness & Mutations

You are a hulking beast.
Your limbs bulge with bestial killing power. (Slay +1)
You cannot wear most types of armour.
You are amphibious.
You can wear up to eight rings at the same time.
Your skin changes colour to match your surroundings (Stealth+).
Your rubbery body absorbs attacks. (AC +1, EV +1)
((You are camouflaged when in or above water. (Stealth+)))
You have tentacles for arms and can constrict up to eight enemies at once.


Message History

No target in view!
No target in view!
You see here a giant cockroach corpse.
You now have 69 gold pieces (gained 11).
You open the door.
Natasha and a bat come into view.
Found a fizzy black potion.
Found 26 gold pieces.
Natasha hisses angrily.
Natasha casts a spell.
There is an open door here.
You closely miss the bat. Your grab misses the bat. The bat barely misses you.
Found an escape hatch in the ceiling.
The bat misses you.
Natasha mumbles some strange words.
The cerulean imp hits you from afar with a +0 spear.
The bat completely misses you.
Natasha wildly gestures.
You feel disoriented.
The cerulean imp hits you with a +0 spear.
You closely miss the cerulean imp. Your grab misses the cerulean imp.
You squeeze the cerulean imp.
The cerulean imp is heavily wounded.
The bat barely misses you.
The cerulean imp hits you from afar with a +2 spear.
The cerulean imp hits you but does no damage.
You tentacle-slap the cerulean imp. You grab the cerulean imp.
The cerulean imp is heavily wounded.
You constrict the cerulean imp. The bat closely misses you.
Natasha extends her claws.
The cerulean imp hits you from afar with a +2 spear.
The cerulean imp misses you.
Natasha mumbles some strange words.
You bludgeon Natasha! You grab Natasha.
Natasha is heavily wounded.
You constrict Natasha.
You constrict the cerulean imp, but do no damage.
The bat barely misses you. The cerulean imp misses you.
The cerulean imp barely misses you. Natasha claws you.
You die...
Natasha begins licking her fur clean.

###############
##########..............
........$#.######.......
.........#.######.......
.........'..............
.......h.#.#######.#####
.<...55hb#.# #.# ###
......5..#.#######.# #..
......$..#......>#.# #..
.........##........# #..
..######...........###.#
# #.....<.........#
#.....(....####.#
........####.#


You could see Natasha, 3 cerulean imps and a bat.

Vanquished Creatures
  4 ball pythons
  2 endoplasms
  A giant cockroach (D:2)
  A goblin (D:1)
  2 hobgoblins (D:1)
  2 kobolds (D:1)
  2 quokkas (D:1)
  3 bats (D:1)
  2 frilled lizards (D:1)
  2 rats (D:1)
21 creatures vanquished.

Notes
Turn   | Place    | Note
-------+----------+-------------------------------------------
     0 | D:1      | timneilson the Octopode Shapeshifter began the quest for
                  | the Orb.
     0 | D:1      | Reached XP level 1. HP: 13/13 MP: 1/1
   154 | D:1      | Found a faded altar of an unknown god.
   161 | D:1      | Reached XP level 2. HP: 18/18 MP: 2/2
   576 | D:1      | Reached skill level 1 in Stealth
   827 | D:2      | Noticed Natasha
   834 | D:2      | Slain by Natasha

Illustrated notes

Levels and vault maps discovered:
D:1:      saegor_arrival_simple_b, layout_loops_cross,
          nicolae_ecumenical_snake_handling
D:2:      layout_basic, uniq_natasha

Skill      XL: |  1  2 |
---------------+-------+-----
Stealth        | 1 |  1.1
Fighting       | |  1.5
Dodging        | |  2.2
Unarmed Combat | |  3.2
Shapeshifting  | |  3.1

Action                     || total
---------------------------++-------
  Melee: Unarmed           ||    48
         Constrict         ||    12
         Tentacles         ||     7
         Punch             ||     1
   Stab: Sleeping          ||     4
 Armour: Skin              ||    21
  Dodge: Dodged            ||    31

Table legend: (Time is in decaauts)
 A = Elapsed time spent in this place.
 B = Non-inter-level travel time spent in this place.
 C = Inter-level travel time spent in this place.
 D = Time resting spent in this place.
 E = Time spent auto-exploring this place.
 F = Levels seen in this place.
 G = Mean time per level.
                   A        B        C        D        E       F      G
               +--------+--------+--------+--------+--------+-----+--------+
         Total |    830 |    802 |     28 |      0 |    673 |   2 |  415.0 |
       Dungeon |    830 |    802 |     28 |      0 |    673 |   2 |  415.0 |
               +--------+--------+--------+--------+--------+-----+--------+

Top non-repeatable levels by time:
     D:1: 712 daAuts
     D:2: 117 daAuts
